 Dungeon Crawl Stone Soup version 0.25.1-8-g42b30a86e7 (webtiles) character file.

Game seed: 18118091363751338281

125 AlexRAT the Skirmisher (level 4, -1/41 HPs)
             Began as a Minotaur Berserker on Dec 21, 2020.
             Was a Believer of Trog.
             Slain by Grinder (2 damage)
             ... while paralysed by Grinder
             ... on level 3 of the Dungeon.
             The game lasted 00:03:38 (2025 turns).

AlexRAT the Skirmisher (Minotaur Berserker)         Turns: 2025, Time: 00:03:39

Health: -1/41      AC:  2    Str: 21    XL:     4   Next: 82%
Magic:  3/3        EV:  2    Int:  4    God:    Trog [**....]
Gold:   119        SH:  0    Dex: 11    Spells: 3/3 levels left

rFire    . . .     SeeInvis .   o - +0 war axe
rCold    . . .     Gourm    .   k - +0 buckler
rNeg     . . .     Faith    .   b - +0 animal skin
rPois    .         Spirit   .   (helmet restricted)
rElec    .         Reflect  .   (no cloak)
rCorr    .         Harm     .   (no gloves)
MR       .....                  (no boots)
Stlth    +.........             (no amulet)
HPRegen  0.13/turn              (no ring)
MPRegen  0.08/turn              (no ring)

@: paralysed
A: retaliatory headbutt, horns 2
a: Berserk, Trog's Hand, Renounce Religion


You were on level 3 of the Dungeon.
You worshipped Trog.
Trog was pleased with you.
You were hungry.

You visited 1 branch of the dungeon, and saw 3 of its levels.

You collected 119 gold pieces.

Inventory:

Hand Weapons
 a - a +0 hand axe
 o - a +0 war axe (weapon)
Armour
 b - a +0 animal skin (worn)
 k - a +0 buckler (worn)
Jewellery
 l - an uncursed ring of magical power {unknown}
 m - a cursed amulet of inaccuracy {unknown}
Scrolls
 i - 2 scrolls of magic mapping {unknown}
 j - 3 scrolls of teleportation {unknown}
 p - a scroll of remove curse {unknown}
 q - a scroll of identify {unknown}
 s - a scroll of enchant armour {unknown}
Potions
 e - 2 potions of flight {unknown}
 f - a potion of cancellation {unknown}
 g - a potion of curing {unknown}
 h - a potion of heal wounds {unknown}
 n - a potion of magic {unknown}
 r - a potion of invisibility {unknown}
Comestibles
 c - 8 rations
 d - 6 chunks of flesh


   Skills:
 + Level 4.5 Fighting
 + Level 4.5 Axes
 + Level 3.5 Armour
 + Level 3.2 Dodging
 + Level 1.3 Shields


You had 3 spell levels left.
You didn't know any spells.
Your spell library was empty.

Dungeon Overview and Level Annotations

Branches:
Dungeon (3/15)

Altars:
Dithmenos
Fedhas
Kikubaaqudgha
Qazlal
Trog
Uskayaw
The Shining One

Annotations:
D:3 Grinder


Innate Abilities, Weirdness & Mutations

You reflexively headbutt those who attack you in melee.
You have a pair of horns on your head.


Message History

You hit Grinder. Grinder hits you but does no damage.
The kobold closely misses you. Grinder gestures at you.
You suddenly lose the ability to move!
The kobold hits you with a +0 short sword.
Grinder hits you but does no damage.
The kobold hits you with a +0 short sword.
Grinder gestures at you.
You shrug off the repeated paralysis!
Grinder hits you!
The kobold hits you with a +0 short sword.
Grinder hits you!
You writhe in agony.
* * * LOW HITPOINT WARNING * * *
The kobold hits you with a +0 short sword.
* * * LOW HITPOINT WARNING * * *
Grinder gestures at you. You resist with significant effort.
Grinder completely misses you.
The kobold hits you with a +0 short sword.
* * * LOW HITPOINT WARNING * * *
Grinder hits you.
You die...

#......# .....#
#...#
#.#.######
######........#
#........####.#
..#.###.#†##
#.# ..........#
###.#
.....85@###
#...# .....gK##
#.### ......b
#.# ....... #.#
.>..... #.#
....... #.#
.....8. #.#
!...... #.#
####.#


You could see Grinder (fast), a hobgoblin, a bat and a kobold.

Vanquished Creatures
  2 adders
  3 gnolls (D:3)
  A worm (D:2)
  A dart slug (D:2)
  3 leopard geckos
  An orc (D:3)
  14 bats
  3 giant cockroaches
  12 goblins
  9 hobgoblins
  6 kobolds
  2 quokkas (D:2)
  A ball python (D:2)
  2 frilled lizards (D:1)
  2 rats (D:1)
62 creatures vanquished.

Notes
Turn   | Place    | Note
-------+----------+-------------------------------------------
     0 | D:1      | AlexRAT the Minotaur Berserker began the quest for the Orb.
     0 | D:1      | Reached XP level 1. HP: 19/19 MP: 0/0
    57 | D:1      | Reached XP level 2. HP: 27/27 MP: 1/1
   513 | D:1      | Reached ** piety under Trog
   654 | D:1      | Reached XP level 3. HP: 33/33 MP: 2/2
  1042 | D:2      | Found a shadowy altar of Dithmenos.
  1161 | D:2      | Found a hide-covered altar of Uskayaw.
  1211 | D:2      | Found a stormy altar of Qazlal.
  1283 | D:2      | Found a bloodstained altar of Trog.
  1307 | D:2      | Reached XP level 4. HP: 40/40 MP: 3/3
  1445 | D:2      | Found an ancient bone altar of Kikubaaqudgha.
  1486 | D:2      | Found a blossoming altar of Fedhas.
  1804 | D:3      | Found a glowing golden altar of the Shining One.
  1807 | D:3      | Reached skill level 1 in Shields
  2015 | D:3      | Noticed Grinder
  2020 | D:3      | Paralysed by Grinder for 6 turns
  2024 | D:3      | HP: 1/41 [kobold/+0 short sword (4)]
  2025 | D:3      | Slain by Grinder

Illustrated notes

Levels and vault maps discovered:
D:1:      lightli_arrival_lavapool, layout_basic, corexii_corridor_pit,
          minmay_hexomino_c4
D:2:      layout_loops_ring, grunt_dithmenos_smoke,
          lemuel_coloured_pillars_altar, nicolae_qazlal_general_emergency,
          overflow_temple_1_default, eat_drink_and_be_merry_uskayaw,
          lemuel_round_altar
D:3:      layout_basic, lemuel_round_altar, tso_metal_star, st_stairs_1,
          uniq_grinder, uniq_terence

Skill      XL: |  1  2  3  4 |
---------------+-------------+-----
Axes           | 4 |  4.5
Fighting       | 4 |  4.5
Armour         | 3 |  3.5
Dodging        | 3 |  3.2
Shields        | 1 |  1.3

Action                   |  1- 3 |  4- 6 || total
-------------------------+-------+-------++-------
Melee: Hand axe          |    61 |       ||    61
       Headbutt          |     8 |     5 ||    13
       War axe           |    11 |    28 ||    39
  Eat: Chunk             |     1 |     2 ||     3
Armor: Animal skin       |    16 |     9 ||    25
Dodge: Dodged            |    60 |    21 ||    81
Block: Buckler           |    10 |     3 ||    13
